 Dungeon Crawl Stone Soup version 0.31-a0-1308-ga3cce3a448 (webtiles) character file.

Game seed: 5533474590469909287

77 grandjackal the Trooper (level 4, -3/49 HPs)
             Began as an Ogre Warper on Dec 19, 2023.
             Slain by Sigmund
             ... wielding a +0 scythe of venom
              (9 damage)
             ... on level 3 of the Dungeon.
             The game lasted 00:02:35 (1792 turns).

grandjackal the Trooper (Ogre Warper)               Turns: 1792, Time: 00:02:36

Health: -3/49      AC:  3    Str: 15    XL:     4   Next: 33%
Magic:  7/7        EV:  9    Int: 16    God:
Gold:   130        SH:  0    Dex:  8    Spells: 5/7 levels left

rFire   . . .        a - +0 mace
rCold   . . .        (no shield)
rNeg    . . .        b - +0 robe
rPois   .            (helmet restricted)
rElec   .            (no cloak)
rCorr   .            (gloves unavailable)
SInv    .            (boots unavailable)
Will    .....        k - amulet of the acrobat
Stlth   +            (no ring)
HPRegen 0.28/turn    (no ring)
MPRegen 0.10/turn

%: acrobat
@: confused, lethally poisoned (-3 -> -23), ambrosia-drunk
A: large, unfitting armour, tough skin 1
a: no special abilities


You were on level 3 of the Dungeon.
You visited 1 branch of the dungeon, and saw 3 of its levels.

You collected 130 gold pieces.

Inventory:

Hand Weapons
 a - a +0 mace (weapon)
 e - a +0 whip
Missiles
 d - 7 darts of dispersal
 f - 9 boomerangs (quivered)
Armour
 b - a +0 robe (worn)
Jewellery
 k - an amulet of the acrobat (around neck)
Scrolls
 c - a scroll of blinking
 g - a scroll of fog {unknown}
 h - a scroll of brand weapon {unknown}
 i - 2 scrolls of identify {unknown}
 l - a scroll of immolation {unknown}
Potions
 j - a potion of ambrosia


   Skills:
 + Level 4.6 Fighting
 + Level 3.1 Maces & Flails
 - Level 1.0 Throwing
 - Level 2.1 Dodging
 - Level 2.4 Spellcasting
 - Level 2.6 Translocations


You had 5 spell levels left.
You knew the following spells:

 Your Spells              Type           Power      Damage    Failure   Level
a - Blink                 Tloc           20%        N/A       10%         2

Your spell library contained the following spells:

 Spells                   Type           Power      Damage    Failure   Level
 Lesser Beckoning         Tloc           20%        N/A       10%         2
 Teleport Other           Tloc           10%        N/A       21%         3
 Manifold Assault         Tloc           10%        N/A       54%         4
 Vhi's Electric Charge    Tloc/Air       12%        N/A       75%         4


Dungeon Overview and Level Annotations

Branches:
Dungeon (3/15)

Altars:
Elyvilon
Wu Jian

Annotations:
D:3 Sigmund, Terence


Innate Abilities, Weirdness & Mutations

You are too large for most types of armour.
You have tough skin. (AC +1)


Message History

You feel sick.
Sigmund hits you with a +0 scythe of venom.
You are more poisoned.
Okay, then.
You hit Sigmund.
Sigmund is lightly wounded.
You feel very sick. Sigmund gestures at you while chanting.
The magic dart hits you.
You barely miss Sigmund.
Sigmund is lightly wounded.
You feel very sick.
Sigmund hits you with a +0 scythe of venom.
You are lethally poisoned!
You hit Sigmund.
Sigmund is lightly wounded.
You feel very sick.
Sigmund hits you with a +0 scythe of venom.
* * * LOW HITPOINT WARNING * * *
You are more poisoned.
It was a potion of ambrosia.
You are confused.
You feel invigorated.
* * * LOW HITPOINT WARNING * * *
You feel very sick.
You're too confused to attack without stumbling around!
You're too confused to attack without stumbling around!
You miss Sigmund.
Sigmund is lightly wounded.
* * * LOW HITPOINT WARNING * * *
You feel extremely sick. Sigmund hits you but does no damage.
You are more poisoned.
You miss Sigmund.
Sigmund is lightly wounded.
* * * LOW HITPOINT WARNING * * *
You feel extremely sick.
Sigmund hits you with a +0 scythe of venom!
You die...
Sigmund begins carving another notch in his scythe.

###### #....# #.##.#
########..#.##########
#......<.............#
#.......@@....######.####
.........................
..............###........
........................#
......)..##....................#
.........##....................#
........##....................#
#......##....................# #
#..............#.............#


You could see Sigmund.

Vanquished Creatures
  Jessica (D:3)
  An adder (D:3)
  5 bats
  8 endoplasms
  2 giant cockroaches
  A goblin (D:3)
  4 hobgoblins
  4 jackals
  6 ball pythons
  2 frilled lizards (D:2)
  3 kobolds
37 creatures vanquished.

Notes
Turn   | Place    | Note
-------+----------+-------------------------------------------
     0 | D:1      | grandjackal the Ogre Warper began the quest for the Orb.
     0 | D:1      | Reached XP level 1. HP: 22/22 MP: 3/3
    94 | D:1      | Reached skill level 3 in Fighting
   111 | D:1      | Found a faded altar of an unknown god.
   508 | D:1      | Reached XP level 2. HP: 31/31 MP: 5/5
   801 | D:2      | Found an ornate altar of the Wu Jian Council.
   919 | D:2      | Learned a level 2 spell: Blink
   920 | D:2      | Identified the +0 leather armour of Absolutism {rPois rF-
                  | rN+ Int+3}
  1043 | D:2      | Reached XP level 3. HP: 29/39 MP: 6/6
  1214 | D:3      | Reached skill level 4 in Fighting
  1298 | D:3      | Noticed Jessica
  1310 | D:3      | Killed Jessica
  1311 | D:3      | Reached XP level 4. HP: 18/49 MP: 7/7
  1460 | D:3      | Noticed Terence
  1577 | D:3      | Found a white marble altar of Elyvilon.
  1612 | D:3      | Noticed Sigmund
  1792 | D:3      | Slain by Sigmund

Illustrated notes

Levels and vault maps discovered:
D:1:      giann_wishing_wells, layout_loops_cross,
          shapermc_ecumenical_altar_ellora
D:2:      layout_basic, basic_altar
D:3:      minmay_evil_eye, layout_basic, trog_wizard,
          lemuel_coloured_pillars_altar, uniq_terence, uniq_sigmund,
          uniq_jessica

Skill      XL: |  1  2  3 |
---------------+----------+-----
Fighting       | 3 4 |  4.6
Maces & Flails | 2 3 |  3.1
Throwing       | |  1.0
Dodging        | |  2.1
Spellcasting   | |  2.4
Translocations | |  2.6

Action                     |  1- 3 |  4- 6 || total
---------------------------+-------+-------++-------
  Melee: Mace              |    87 |    34 ||   121
  Throw: Stone             |     4 |       ||     4
         Boomerang         |    11 |       ||    11
    Use: Potion            |       |     1 ||     1
   Stab: Sleeping          |     1 |       ||     1
 Armour: Robe              |    78 |    52 ||   130
  Dodge: Dodged            |    47 |    70 ||   117

Table legend: (Time is in decaauts)
 A = Elapsed time spent in this place.
 B = Non-inter-level travel time spent in this place.
 C = Inter-level travel time spent in this place.
 D = Time resting spent in this place.
 E = Time spent auto-exploring this place.
 F = Levels seen in this place.
 G = Mean time per level.
                   A        B        C        D        E       F      G
               +--------+--------+--------+--------+--------+-----+--------+
         Total |   1829 |   1754 |     75 |    310 |   1029 |   3 |  609.7 |
       Dungeon |   1829 |   1754 |     75 |    310 |   1029 |   3 |  609.7 |
               +--------+--------+--------+--------+--------+-----+--------+

Top non-repeatable levels by time:
     D:1: 706 daAuts
     D:2: 688 daAuts
     D:3: 434 daAuts
